AoeStats
← TrebuchetSpammer

Arabia

509473675Analyzed
2v2 RM · 5d ago on Sep 26, 2026· 29m 31s· 4 players
Game mode
Random Map
Map size
Medium (4 player)
Population
200
Speed
Normal
Resources
Standard
Victory
Conquest
Starting age
Dark Age
Ending age
Imperial Age
RankedLock teamsTeams togetherTeam positionsShared explorationLock speedFull tech treeHidden civsTurbo modeCheats
Victory
Defeat
🇲🇽 Khmer · Mexico
904
+15
🇨🇴 Inca · Colombia
805
+19
🇪🇸 Maya · Spain
1039
-23
🇪🇸 Franks · Spain
731
-27
brandiempres
12:12 Feudal Age
13:23 Champi Runner
14:01 Double-Bit Axe
21:50 Castle Age
21:05 Horse Collar
21:19 Stone Mining
30:00 Heavy Plow
30:13 Bow Saw
Klesk7294
11:45 Feudal Age
10:01 Loom
25:05 Castle Age
Vilatà_Feudal
4:10 Loom
12:00 Feudal Age
12:27 Double-Bit Axe
12:29 Horse Collar
17:36 Fletching
22:13 Padded Archer Armor
TrebuchetSpammer
4:29 Loom
15:41 Feudal Age
20:19 Double-Bit Axe
Connection lost

Rejoining the realm…

Still unreachable

The connection could not be restored.

Session expired

The server has moved on; the page needs a fresh start.